 Seeded DCSS version 0.28-a0-1613-gdaab1c2f9b (webtiles) character file.

Game seed: 11 (custom seed)

442 knot the Chopper (level 6, -1/47 HPs)
             Began as a Demonspawn Berserker on Jan 22, 2022.
             Was a Believer of Trog.
             Slain by a phantom (6 damage)
             ... on level 4 of the Dungeon.
             The game lasted 00:02:52 (4324 turns).

knot the Chopper (Demonspawn Berserker)             Turns: 4324, Time: 00:02:52

Health: -1/47      AC:  2    Str: 17    XL:     6   Next: 71%
Magic:  6/6        EV: 12    Int: 11    God:    Trog [**....]
Gold:   139        SH:  0    Dex: 12    Spells: 5/5 levels left

rFire   . . .      SeeInvis .   a - +0 hand axe
rCold   . . .      Faith    .   (no shield)
rNeg    . . .      Spirit   .   b - +0 animal skin
rPois   .          Reflect  .   (no helmet)
rElec   .          Harm     .   (no cloak)
rCorr   .          Rampage  .   (no gloves)
Will    ++...                   (no boots)
Stlth   +.........              (no amulet)
HPRegen 1.15/turn               (no ring)
MPRegen 0.10/turn               (no ring)

@: strong-willed, on berserk cooldown, regenerating
A: powered by death 1, sturdy frame 1, weakness stinger 1
a: Renounce Religion, Berserk, Trog's Hand


You were on level 4 of the Dungeon.
You worshipped Trog.
Trog was pleased with you.
You visited 1 branch of the dungeon, and saw 4 of its levels.
You also visited: Sewer.

You collected 139 gold pieces.

Inventory:

Hand Weapons
 a - a +0 hand axe (weapon)
Missiles
 d - 52 stones (quivered)
 j - 8 boomerangs
 s - 2 atropa-tipped darts
Armour
 b - a +0 animal skin (worn)
Scrolls
 f - 6 scrolls of identify {unknown}
 h - a scroll of enchant weapon {unknown}
 l - a scroll of fear {unknown}
 n - 2 scrolls of teleportation {unknown}
 o - a scroll of fog {unknown}
 r - a scroll of summoning {unknown}
Potions
 c - 3 potions of brilliance {unknown}
 e - 3 potions of mutation {unknown}
 g - a potion of attraction {unknown}
 i - 2 potions of lignification {unknown}
 m - a potion of flight {unknown}
 p - 2 potions of magic {unknown}
 q - 2 potions of degeneration {unknown}
 t - 2 potions of cancellation {unknown}
 u - a potion of berserk rage {unknown}
 v - a potion of invisibility {unknown}


   Skills:
 - Level 3.0 Fighting
 + Level 7.0 Axes
 - Level 1.7 Armour
 - Level 1.7 Dodging


You had 5 spell levels left.
You didn't know any spells.
Your spell library contained the following spells:

 Spells                   Type           Power      Damage    Failure   Level
 Blink                    Tloc           0%         N/A       47%         2
 Manifold Assault         Tloc           0%         N/A       100%        5
 Storm Form               Tmut/Air       0%         N/A       100%        7


Dungeon Overview and Level Annotations

Branches:
Dungeon (4/15)              Sewer (visited)
 Temple: D:4-7

Altars:
Ashenzari
Cheibriados
Dithmenos
Elyvilon
Makhleb
Ru
Trog
Vehumet
Yredelemnul


Innate Abilities, Weirdness & Mutations

You regenerate a little health from kills.
Your movements are slightly less encumbered by armour. (ER -2)
You have a small tail.


Message History

A phantom comes into view.
A phantom is nearby!
A phantom is nearby!
A phantom is nearby!
You start resting.
A phantom is nearby!
Found 13 stones.
The phantom misses you. The phantom closely misses you.
You see here 13 stones.
d - 52 stones (gained 13)
The phantom hits you but does no damage.
The phantom hits you. The phantom closely misses you.
The phantom closely misses you.
You hit the phantom.
The phantom is lightly damaged.
The phantom hits you.
The phantom hits you but does no damage.
You completely miss the phantom.
The phantom is lightly damaged.
The phantom hits you.
You hit the phantom. You tail-slap the phantom.
The phantom is heavily damaged.
The phantom hits you but does no damage.
The phantom hits you.
You hit the phantom but do no damage.
The phantom is heavily damaged.
The phantom hits you!
* * * LOW HITPOINT WARNING * * *
It was a potion of curing.
You feel better.
You feel yourself speed up. The phantom hits you.
* * * LOW HITPOINT WARNING * * *
The phantom hits you.
* * * LOW HITPOINT WARNING * * *
The phantom blinks!
You blink.
Your skin crawls.
You feel strong-willed. The phantom hits you.
You die...

#.........#....#
########..#....##########
#................#
#.......########.###
#.......#..........#
#......##.######+#+#
#......##.# #......##W#
#...#?###@# #.........#
#.....##### #...)......#
#....#####.# #.....
#...W. #.....# #..#..#


You could see a phantom.

Vanquished Creatures
  Eustachio (D:4)
  A scorpion (D:4)
  A bullfrog skeleton (D:4)
  An iguana (D:4)
  4 gnolls (D:4)
  An adder (D:2)
  7 river rats
  A worm (D:2)
  A dart slug (D:3)
  An orc (D:3)
  5 endoplasms
  4 giant cockroaches
  4 goblins
  3 hobgoblins
  4 jackals
  2 quokkas
  10 ball pythons
  8 bats
  5 frilled lizards
  7 kobolds
  16 rats
87 creatures vanquished.

Notes
Turn   | Place    | Note
-------+----------+-------------------------------------------
     0 | D:1      | knot the Demonspawn Berserker began the quest for the Orb.
     0 | D:1      | Reached XP level 1. HP: 18/18 MP: 1/1
    56 | D:1      | Reached skill level 3 in Axes
    62 | D:1      | Gained mutation: You regenerate a little health from kills.
                  | [demonic ancestry]
    62 | D:1      | Reached XP level 2. HP: 3/24 MP: 2/2
   624 | D:1      | Found a faded altar of an unknown god.
   900 | D:2      | Gained mutation: Your movements are slightly less
                  | encumbered by armour. (ER -2) [demonic ancestry]
   900 | D:2      | Reached XP level 3. HP: 20/29 MP: 3/3
  1132 | D:2      | Reached ** piety under Trog
  1254 | D:2      | Reached skill level 4 in Axes
  2217 | D:3      | Reached XP level 4. HP: 35/35 MP: 4/4
  2250 | D:3      | Found a glowing drain.
  2269 | Sewer    | Entered a sewer
  2612 | Sewer    | Reached skill level 5 in Axes
  2956 | Sewer    | Reached XP level 5. HP: 24/41 MP: 5/5
  3569 | D:3      | Found a shadowy altar of Dithmenos.
  3572 | D:3      | Found a bloodstained altar of Trog.
  3573 | D:3      | Found a basalt altar of Yredelemnul.
  3573 | D:3      | Found a radiant altar of Vehumet.
  3573 | D:3      | Found a burning altar of Makhleb.
  3575 | D:3      | Found a broken altar of Ashenzari.
  3576 | D:3      | Found a snail-covered altar of Cheibriados.
  3578 | D:3      | Found a sacrificial altar of Ru.
  3956 | D:4      | Reached skill level 6 in Axes
  3956 | D:4      | Gained mutation: You have a small tail. [demonic ancestry]
  3956 | D:4      | Reached XP level 6. HP: 47/47 MP: 6/6
  4268 | D:4      | Noticed Eustachio
  4282 | D:4      | Killed Eustachio
  4283 | D:4      | Reached skill level 7 in Axes
  4313 | D:4      | HP: 2/47 [phantom (6)]
  4324 | D:4      | Slain by a phantom

Illustrated notes

Levels and vault maps discovered:
D:1:      minmay_arrival_nine_rooms, layout_rooms, basic_ecumenical_altar
D:2:      layout_basic
D:3:      layout_loops_ring, minitemple, portal_sewer_entry_b,
          lemuel_old_faithful
D:4:      layout_basic, uniq_eustachio

Skill      XL: |  1  2  3  4  5  6 |
---------------+-------------------+-----
Axes           | 3 4 5 6 7 |  7.0
Fighting       | |  3.0
Armour         | |  1.7
Dodging        | |  1.7

Action                   |  1- 3 |  4- 6 || total
-------------------------+-------+-------++-------
Melee: Hand axe          |   118 |   165 ||   283
       Punch             |     1 |     2 ||     3
       Tailslap          |       |     1 ||     1
Invok: Berserk           |     2 |     5 ||     7
       Trog's Hand       |       |     1 ||     1
  Use: Potion            |       |     1 ||     1
 Stab: Sleeping          |     2 |     3 ||     5
Armor: Animal skin       |    31 |    16 ||    47
Dodge: Dodged            |   104 |    86 ||   190

Table legend: (Time is in decaauts)
 A = Elapsed time spent in this place.
 B = Non-inter-level travel time spent in this place.
 C = Inter-level travel time spent in this place.
 D = Time resting spent in this place.
 E = Time spent auto-exploring this place.
 F = Levels seen in this place.
 G = Mean time per level.
                   A        B        C        D        E       F      G
               +--------+--------+--------+--------+--------+-----+--------+
         Total |   4456 |   4349 |    107 |   1342 |   2346 |   5 |  891.2 |
       Dungeon |   3224 |   3117 |    107 |    619 |   2059 |   4 |  806.0 |
         Sewer |   1232 |   1232 |      0 |    722 |    287 |   1 | 1232.0 |
               +--------+--------+--------+--------+--------+-----+--------+

Top non-repeatable levels by time:
   Sewer: 1232 daAuts
     D:2: 944 daAuts
     D:1: 909 daAuts
     D:4: 738 daAuts
     D:3: 632 daAuts
